 Dungeon Crawl Stone Soup version 0.29-a0-495-g17b79114eb (webtiles) character file.

Game seed: 11947823411372902656

6 Hubjo the Firebug (level 1, 0/11 HPs)
             Began as a Deep Elf Fire Elementalist on May 27, 2022.
             Was a Follower of Fedhas.
             Slain by a goblin
             ... wielding a +0 dagger
              (3 damage)
             ... on level 1 of the Dungeon.
             The game lasted 00:00:12 (251 turns).

Hubjo the Firebug (Deep Elf Fire Elementalist)       Turns: 251, Time: 00:00:13

Health: 0/11       AC:  2    Str:  5    XL:     1   Next: 75%
Magic:  6/6        EV: 12    Int: 19    God:    Fedhas [*.....]
Gold:   13         SH:  0    Dex: 15    Spells: 5/6 levels left

rFire   . . .      SeeInvis .   (no weapon)
rCold   . . .      Faith    .   (no shield)
rNeg    . . .      Spirit   .   a - +0 robe
rPois   .          Reflect  .   (no helmet)
rElec   .          Harm     .   (no cloak)
rCorr   .          Rampage  .   (no gloves)
Will    .....                   (no boots)
Stlth   ++........              (no amulet)
HPRegen 0.03/turn               (no ring)
MPRegen 0.10/turn               (no ring)

@: no status effects
A: no striking features
a: Renounce Religion


You were on level 1 of the Dungeon.
You worshipped Fedhas.
Fedhas was aware of your devotion.
You visited 1 branch of the dungeon, and saw 1 of its levels.

You collected 13 gold pieces.

Inventory:

Armour
 a - a +0 robe (worn)
Potions
 b - a potion of magic


   Skills:
 * Level 0.5 Fighting
 - Level 2.4 Dodging
 + Level 2.6 Stealth
 + Level 3.1 Spellcasting
 - Level 1.1 Conjurations
 + Level 3.3 Fire Magic


You had 5 spell levels left.
You knew the following spells:

 Your Spells              Type           Power      Damage    Failure   Level
a - Foxfire               Conj/Fire      44%        2x1d6     6%          1

Your spell library contained the following spells:

 Spells                   Type           Power      Damage    Failure   Level
 Scorch                   Fire           30%        2d7       5%          2
 Conjure Flame            Conj/Fire      11%        6-21      19%         3
 Inner Flame              Hex/Fire       9%         N/A       22%         3
 Flame Wave               Conj/Fire      11%        2d5       52%         4


Dungeon Overview and Level Annotations

Branches:
Dungeon (1/15)

Altars:
Fedhas


Message History

Your magical contamination has completely faded away.
A ball python comes into view.
You see here 13 stones.
You conjure some foxfire!
A ball python is nearby!
You conjure some foxfire!
The ball python hisses angrily.
Your foxfire dissipates! x2
A ball python is nearby!
The foxfire hits the ball python.
You kill the ball python!
Your foxfire dissipates!
You see here a ball python corpse.
A goblin comes into view. It is wielding a +0 dagger.
There is a dry fountain here.
There is a faded altar of an unknown god here.
You cannot tell which god this altar belongs to.
Convert to them anyway?
Fedhas accepts your prayer! Fedhas welcomes you!
The plants of the dungeon cease their hostilities.
A goblin is nearby!
A goblin is nearby!
A goblin is nearby!
A goblin is nearby!
The goblin closely misses you. The goblin hits you with a +0 dagger.
The goblin hits you with a +0 dagger. The goblin hits you with a +0 dagger.
The goblin closely misses you. The goblin completely misses you.
The goblin hits you with a +0 dagger. The goblin misses you.
The goblin closely misses you. The goblin barely misses you.
The goblin barely misses you. The goblin hits you with a +0 dagger.
The goblin hits you with a +0 dagger.
* * * LOW HITPOINT WARNING * * *
The goblin hits you with a +0 dagger.
You die...
Fedhas appreciates your contribution to the ecosystem.

##.+ #.#.# ... #...^
#...####.## 8#8#
#....######.........
## ........#
#..####.## .......#
##.## ......####..#
#....⌠.##.#
#.g....##.#
#⌠.@.⌠.†.(#
#..........#
#...⌠.⌠........
#.........#.##.#
##........#..#
......######.#
###....# .. #.####
#..


You could see a goblin.

Vanquished Creatures
  A dart slug (D:1)
  A ball python (D:1)
  An endoplasm (D:1)
  A bat (D:1)
4 creatures vanquished.

Vanquished Creatures (others)
  31 foxfires (D:1)
31 creatures vanquished.

Grand Total: 35 creatures vanquished

Notes
Turn   | Place    | Note
-------+----------+-------------------------------------------
     0 | D:1      | Hubjo the Deep Elf Fire Elementalist began the quest for
                  | the Orb.
     0 | D:1      | Reached XP level 1. HP: 10/10 MP: 6/6
   180 | D:1      | Found a faded altar of an unknown god.
   231 | D:1      | Prayed at the altar of an unknown god.
   231 | D:1      | Became a worshipper of Fedhas Madash
   231 | D:1      | Reached * piety under Fedhas
   251 | D:1      | Slain by a goblin

Illustrated notes

Levels and vault maps discovered:
D:1:      heliophobic_arrival_ceremonial_halls, layout_basic,
          hellmonk_ecumenical_altar_run_dry, serial_shops,
          nicolae_shop_bloodbath_and_beyond

Action                   || total
-------------------------++-------
 Cast: Foxfire           ||    17
Dodge: Dodged            ||     8

Table legend: (Time is in decaauts)
 A = Elapsed time spent in this place.
 B = Non-inter-level travel time spent in this place.
 C = Inter-level travel time spent in this place.
 D = Time resting spent in this place.
 E = Time spent auto-exploring this place.
 F = Levels seen in this place.
 G = Mean time per level.
                   A        B        C        D        E       F      G
               +--------+--------+--------+--------+--------+-----+--------+
         Total |    251 |    251 |      0 |      0 |    199 |   1 |  251.0 |
       Dungeon |    251 |    251 |      0 |      0 |    199 |   1 |  251.0 |
               +--------+--------+--------+--------+--------+-----+--------+

Top non-repeatable levels by time:
     D:1: 251 daAuts
